% Time on Ice - UTAH ICE BEARS
Lines # - Real PCT - Wanted PCT - Time Play
Normal Forward
1 - 27% - 36% - 14:01
2 - 30% - 31% - 15:22
3 - 25% - 23% - 13:03
4 - 17% - 10% - 8:48
Normal Defense
1 - 34% - 36% - 17:16
2 - 30% - 31% - 15:37
3 - 30% - 23% - 15:37
4 - 5% - 10% - 2:44
PP Forward
1 - 36% - 55% - 1:26
2 - 64% - 45% - 2:32
PP Defense
1 - 52% - 55% - 2:03
2 - 48% - 45% - 1:55
PK Forward
1 - 61% - 55% - 1:13
2 - 39% - 45% - 0:46
PK Defense
1 - 50% - 55% - 1:00
2 - 50% - 45% - 0:59
PK3 Forward
1 - 0% - 55%
2 - 0% - 45%
PK3 Defense
1 - 0% - 55%
2 - 0% - 45%
44 Forward
1 - 47% - 55% - 0:56
2 - 53% - 45% - 1:03
44 Defense
1 - 47% - 55% - 0:56
2 - 53% - 45% - 1:03
Last Minute Offensive  - 0:00
Last Minute Defensive  - 0:50
Total
Forward - 60:00
Defense - 60:00
% Time on Ice - BANFF WOLVES
Lines # - Real PCT - Wanted PCT - Time Play
Normal Forward
1 - 28% - 30% - 14:36
2 - 30% - 30% - 15:19
3 - 28% - 28% - 14:33
4 - 14% - 12% - 7:12
Normal Defense
1 - 37% - 37% - 18:57
2 - 33% - 31% - 17:08
3 - 28% - 27% - 14:35
4 - 2% - 5% - 1:00
PP Forward
1 - 65% - 55% - 1:17
2 - 35% - 45% - 0:42
PP Defense
1 - 65% - 55% - 1:17
2 - 35% - 45% - 0:42
PK Forward
1 - 46% - 55% - 1:50
2 - 54% - 45% - 2:08
PK Defense
1 - 58% - 55% - 2:17
2 - 42% - 45% - 1:41
PK3 Forward
1 - 0% - 55%
2 - 0% - 45%
PK3 Defense
1 - 0% - 55%
2 - 0% - 45%
44 Forward
1 - 59% - 55% - 1:10
2 - 41% - 45% - 0:49
44 Defense
1 - 59% - 55% - 1:10
2 - 41% - 45% - 0:49
Last Minute Offensive  - 0:24
Last Minute Defensive  - 0:00
Total
Forward - 60:00
Defense - 60:00
Play-by-Play 1st period 0:01 of 1st period - Nazem Kadri wins face-off versus Alex Galchenyuk in neutral zone. 0:35 of 1st period - Shot by Nazem Kadri. 0:35 of 1st period - Shot Misses the Net. 0:37 of 1st period - Shot by Alex Tuch. 0:37 of 1st period - Shot Blocked by MacKenzie Weegar. 0:39 of 1st period - Shot by Alex Tuch. 0:39 of 1st period - Shot Misses the Net. 0:58 of 1st period - Alex Tuch is hit by Kyle Okposo and loses puck. 1:25 of 1st period - Icing by Ryan Suter. 1:26 of 1st period - Artem Anisimov wins face-off versus Jack Eichel in BANFF WOLVES zone. 2:24 of 1st period - Icing by Brandon Carlo. 2:25 of 1st period - Ross Colton wins face-off versus Nick Cousins in BANFF WOLVES zone. 2:32 of 1st period - Shot by Blake Lizotte. 2:32 of 1st period - Stopped by Ilya Samsonov with a rebound. 2:47 of 1st period - Minor Penalty to Joel Kiviranta for Roughing. 2:48 of 1st period - Nazem Kadri wins face-off versus Nicholas Paul in BANFF WOLVES zone. 3:18 of 1st period - Shot by Rudolfs Balcers. 3:18 of 1st period - Deflect By Kyle Okposo. 3:18 of 1st period - Shot Hit the Post. 3:20 of 1st period - Shot by Kyle Okposo. 3:20 of 1st period - Shot Misses the Net. 3:22 of 1st period - Shot by T.J. Brodie. 3:22 of 1st period - Stopped by Ilya Samsonov without a rebound. 3:23 of 1st period - Mats Zuccarello wins face-off versus Zachary Sanford in BANFF WOLVES zone. 3:58 of 1st period - Icing by Alexander Edler. 3:59 of 1st period - Nazem Kadri wins face-off versus Zachary Sanford in UTAH ICE BEARS zone. 4:07 of 1st period - Shot by Alexander Edler. 4:07 of 1st period - Stopped by Ilya Samsonov without a rebound. 4:08 of 1st period - Nicholas Paul wins face-off versus Nazem Kadri in BANFF WOLVES zone. 4:08 of 1st period - Nicholas Paul is hit by Mathew Dumba. 4:16 of 1st period - Shot by Nicholas Paul. 4:16 of 1st period - Shot Misses the Net. 4:46 of 1st period - Shot by T.J. Brodie. 4:46 of 1st period - Shot Blocked by Brandon Carlo. 5:07 of 1st period - Off-side. 5:08 of 1st period - Jack Eichel wins face-off versus Alex Galchenyuk in neutral zone. 5:08 of 1st period - Jack Eichel is hit by Alex Galchenyuk. 6:12 of 1st period - Craig Smith is hit by Artem Zub and loses puck. 6:33 of 1st period - Shot by Craig Smith. 6:33 of 1st period - Stopped by Thatcher Demko without a rebound. 6:34 of 1st period - Tanner Kero wins face-off versus Artem Anisimov in UTAH ICE BEARS zone. 6:49 of 1st period - Shot by Phillip DiGiuseppe. 6:49 of 1st period - Stopped by Thatcher Demko without a rebound. 6:50 of 1st period - Nazem Kadri wins face-off versus Blake Lizotte in UTAH ICE BEARS zone. 7:09 of 1st period - Shot by Brady Tkachuk. 7:09 of 1st period - Shot Blocked by Alexander Edler. 7:11 of 1st period - Shot by Esa Lindell. 7:11 of 1st period - Shot Blocked by Alexander Edler. 7:17 of 1st period - Shot by Brady Tkachuk. 7:17 of 1st period - Stopped by Thatcher Demko without a rebound. 7:18 of 1st period - Nicholas Paul wins face-off versus Nick Cousins in UTAH ICE BEARS zone. 9:03 of 1st period - Shot by Casey Mittelstadt. 9:03 of 1st period - Goal by Casey Mittelstadt - UTAH ICE BEARS : 1 - BANFF WOLVES : 0. 9:04 of 1st period - Nazem Kadri wins face-off versus Artem Anisimov in neutral zone. 9:25 of 1st period - Nazem Kadri is hit by Erik Gudbranson and loses puck. 9:41 of 1st period - Zachary Sanford is hit by Brandon Carlo and loses puck. 9:55 of 1st period - Minor Penalty to Brady Tkachuk for Tripping. 9:56 of 1st period - Mats Zuccarello wins face-off versus Nicholas Paul in BANFF WOLVES zone. 10:05 of 1st period - Craig Smith is hit by Rudolfs Balcers and loses puck. 10:55 of 1st period - Shot by Zachary Sanford. 10:55 of 1st period - Stopped by Ilya Samsonov without a rebound. 10:56 of 1st period - Zachary Sanford wins face-off versus Logan O'Connor in BANFF WOLVES zone. 11:15 of 1st period - Shot by T.J. Brodie. 11:15 of 1st per